[Event "Team 45 45 League T51"]
[Site "Internet Chess Club"]
[Date "2011.11.18"]
[Round "2"]
[White "crazyhorses"]
[Black "Killian"]
[Result "0-1"]
[WhiteElo "1518"]
[BlackElo "1998"]
[Opening "Réti opening"]
[ECO "A05"]
[Time "15:02:12"]
[TimeControl "2700+45"]

1. Nf3 Nf6 2. g3 d5 3. Bg2 c6 4. O-O Bf5 5. d4 Nbd7 6. Nbd2 e6 7. c4 Bd6 8. Nh4
Bg6 9. Nxg6 hxg6 10. c5 Bc7 11. Nf3 Ne4 12. b4 Qf6 13. a4 O-O-O 14. Qb3 g5 15.
Nd2 Qxd4 16. Nxe4 dxe4 17. Bb2 Qd2 18. e3 Qd3 19. Qa2 Be5 20. Rfd1 Qe2 21. Bxe5
Qxa2 22. Rxa2 Nxe5 23. Rxd8+ Rxd8 24. Bxe4 g4 25. Kg2 f5 26. Bc2 Nf3 27. Bb3 Ng5
28. Bc4 e5 29. Be2 e4 30. Rb2 Nf3 31. h3 Ne1+ 32. Kh2 gxh3 33. Rb1 Nd3 34. f3
exf3 35. Bxf3 Ne5 36. Be2 Rd2 37. Re1 Nf3+ {White resigns} 0-1

[Event "Team 45 45 League T51"]
[Site "Internet Chess Club"]
[Date "2011.11.22"]
[Round "2"]
[White "ILRE"]
[Black "Theodulf"]
[Result "0-1"]
[WhiteElo "1693"]
[BlackElo "1656"]
[Opening "English opening"]
[ECO "A21"]
[Time "19:30:17"]
[TimeControl "2700+45"]

1. c4 e5 2. Nc3 d6 3. g3 f5 4. Bg2 Nf6 5. d3 Be7 6. e3 O-O 7. Nge2 c6 8. O-O Qe8
9. b3 Qh5 10. f3 Na6 11. d4 Rb8 12. Ba3 Qe8 13. Rb1 Nc7 14. Qc2 Kh8 15. Rbd1 d5
16. c5 e4 17. Nf4 g5 18. Nh3 Qh5 19. Qe2 exf3 20. Qxf3 g4 21. Qf4 gxh3 22. Bf3
Qe8 23. Qxc7 Bd7 24. Qf4 Ne4 25. Bxe4 fxe4 26. Qe5+ Kg8 27. Rxf8+ Bxf8 28. Qg5+
Qg6 29. Qe5 Re8 30. Qc7 Bc8 31. Rf1 Be7 32. Ne2 Bg4 33. Nf4 Qg7 34. Qxb7 Rc8 35.
Qxa7 h5 36. Qb7 Bg5 37. Bc1 Qxb7 38. Ng6 Re8 39. Ne5 Rxe5 40. dxe5 Bf3 41. Bd2
Qa6 42. Rf2 Qd3 43. e6 d4 44. exd4 Bxd2 45. e7 Kf7 {White resigns} 0-1

[Event "Team 45 45 League T51"]
[Site "Internet Chess Club"]
[Date "2011.11.20"]
[Round "2"]
[White "kwameh72"]
[Black "BrandonBee"]
[Result "1-0"]
[WhiteElo "1703"]
[BlackElo "1546"]
[Opening "Dutch: Staunton gambit"]
[ECO "A82"]
[Time "11:00:21"]
[TimeControl "2700+45"]

1. d4 f5 2. e4 fxe4 3. Nc3 Nf6 4. f3 exf3 5. Nxf3 g6 6. Bc4 d5 7. Bd3 Bg7 8. Qe2
O-O 9. Bg5 c6 10. O-O-O Na6 11. Qd2 Nc7 12. Bh6 Ne6 13. Bxg7 Kxg7 14. Ne5 Nxd4
15. Bxg6 Nf3 16. gxf3 hxg6 17. Qg5 Bf5 18. Rdg1 Qe8 19. Ne2 Nh7 20. Qg3 g5 21.
h4 Kf6 22. hxg5+ Ke6 23. Rh6+ Nf6 24. gxf6 Rxf6 25. Rxf6+ exf6 26. Nd4+ {Black
resigns} 1-0

[Event "Team 45 45 League T51"]
[Site "Internet Chess Club"]
[Date "2011.11.19"]
[Round "2"]
[White "houseofcook"]
[Black "ElmerHo"]
[Result "1/2-1/2"]
[WhiteElo "1443"]
[BlackElo "1535"]
[Opening "Petrov: modern attack, Symmetrical variation"]
[ECO "C43"]
[Time "16:30:30"]
[TimeControl "2700+45"]

1. e4 e5 2. Nf3 Nf6 3. d4 Nxe4 4. Bd3 d5 5. Nxe5 Nd7 6. Qe2 Nxe5 7. dxe5 Nc5 8.
O-O Be6 9. Nd2 Nxd3 10. Qxd3 Qd7 11. Nf3 Be7 12. Bd2 c6 13. Nd4 O-O-O 14. b4 f6
15. b5 c5 16. Nxe6 Qxe6 17. Qa3 Kb8 18. exf6 Bxf6 19. Rae1 Qd6 20. Re2 Rde8 21.
Rfe1 Rxe2 22. Rxe2 a6 23. g3 Ka7 24. Be3 Rc8 25. Bf4 Qb6 26. bxa6 Qxa6 27. Re3
Qxa3 28. Rxa3+ Kb6 29. Re3 Kb5 30. Rb3+ Kc6 31. Re3 Kb5 {Game drawn by mutual
agreement} 1/2-1/2

[Event "Team 45 45 League T51"]
[Site "Internet Chess Club"]
[Date "2011.11.20"]
[Round "2"]
[White "PandorasBox"]
[Black "Paulkov"]
[Result "0-1"]
[WhiteElo "1933"]
[BlackElo "2258"]
[Opening "English: Caro-Kann defensive system"]
[ECO "A11"]
[Time "15:06:53"]
[TimeControl "2700+45"]

1. c4 c6 2. g3 Nf6 3. Bg2 d5 4. Nf3 dxc4 5. Qc2 Be6 6. Ng5 Bd5 7. e4 h6 8. Nh3
Be6 9. Nf4 Qd7 10. Nxe6 Qxe6 11. O-O Na6 12. Na3 Nb4 13. Qxc4 Qxc4 14. Nxc4 e6
15. b3 Nd3 16. Nb2 O-O-O 17. Nxd3 Rxd3 18. Rd1 Bc5 19. Bf1 Rd7 20. Bb2 Nxe4 21.
d4 Rhd8 22. Bg2 f5 23. Bxe4 fxe4 24. Re1 Bxd4 25. Bxd4 Rxd4 26. Re2 Rd1+ 27.
Rxd1 Rxd1+ 28. Kg2 Rd4 29. Kh3 Kd7 30. Kg4 Ke7 31. Kf4 Kd6 32. h4 Kd5 33. h5 c5
34. g4 b5 35. Kg3 c4 36. bxc4+ bxc4 37. f4 c3 38. g5 Rd2 {White resigns} 0-1

[Event "Team 45 45 League T51"]
[Site "Internet Chess Club"]
[Date "2011.11.22"]
[Round "2"]
[White "Boromir"]
[Black "Stryker672"]
[Result "0-1"]
[WhiteElo "1922"]
[BlackElo "1990"]
[Opening "KGA: Abbazia defense (classical defense, modern defense[!])"]
[ECO "C36"]
[Time "16:03:45"]
[TimeControl "2700+45"]

1. e4 e5 2. f4 d5 3. Nf3 exf4 4. exd5 c6 5. dxc6 Nxc6 6. d4 Bd6 7. Bb5 Ne7 8.
O-O O-O 9. c4 Bg4 10. Nc3 Rc8 11. d5 Nd4 12. Kh1 Bxf3 13. gxf3 Nef5 14. Ne4 Bb8
15. b3 Qh4 16. Rg1 Nxb5 17. cxb5 Ng3+ 18. Nxg3 fxg3 19. Rg2 Be5 20. Rb1 Rfe8 21.
f4 Bxf4 22. Bxf4 Qxf4 23. hxg3 Qe4 24. Kg1 Rc3 25. Rbb2 Qe3+ 26. Kh2 Qh6+ 27.
Kg1 Rc1 {White resigns} 0-1

[Event "Team 45 45 League T51"]
[Site "Internet Chess Club"]
[Date "2011.11.18"]
[Round "2"]
[White "zachi"]
[Black "cesaralexander"]
[Result "1-0"]
[WhiteElo "1987"]
[BlackElo "1913"]
[Opening "Petrov: Nimzovich attack"]
[ECO "C42"]
[Time "21:59:55"]
[TimeControl "2700+45"]

1. e4 e5 2. Nf3 Nf6 3. Nxe5 d6 4. Nf3 Nxe4 5. Nc3 Nxc3 6. dxc3 Be7 7. Be3 Bg4 8.
Be2 Nd7 9. h3 Bh5 10. Qd2 Nf6 11. O-O-O Qd7 12. Kb1 Qa4 13. Nd4 Bxe2 14. Qxe2
O-O-O 15. Nf5 Bf8 16. Bd4 Ne8 17. Rhe1 Kb8 18. Qf3 Qd7 19. Qd5 Rg8 20. a3 g6 21.
Ne3 Bg7 22. Qa5 Bxd4 23. Rxd4 c6 24. Ra4 b6 25. Qg5 f6 26. Qf4 f5 27. Rd4 Nc7
28. Red1 d5 29. c4 g5 30. Qxf5 Qxf5 31. Nxf5 Ne6 32. R4d2 dxc4 33. Ne7 Rxd2 34.
Rxd2 Rf8 35. Nxc6+ Kb7 36. Ne5 c3 37. bxc3 Nc5 38. f3 Re8 39. Nf7 Na4 40. Nd6+
{Black resigns} 1-0

[Event "Team 45 45 League T51"]
[Site "Internet Chess Club"]
[Date "2011.11.21"]
[Round "2"]
[White "futureGM"]
[Black "Deckfuel"]
[Result "0-1"]
[WhiteElo "1882"]
[BlackElo "2022"]
[Opening "French: Winawer, advance variation"]
[ECO "C16"]
[Time "13:01:25"]
[TimeControl "2700+45"]

1. e4 e6 2. d4 d5 3. Nc3 Bb4 4. e5 Ne7 5. f4 c5 6. a3 Bxc3+ 7. bxc3 Qc7 8. Be3
cxd4 9. Bxd4 Nbc6 10. Bb5 O-O 11. Bxc6 bxc6 12. Bc5 Ba6 13. Ne2 f6 14. Bd6 Qd7
15. O-O Rf7 16. Qd2 Nc8 17. Bc5 Nb6 18. Bxb6 axb6 19. Rf2 c5 20. Nc1 fxe5 21.
fxe5 Rxf2 22. Kxf2 Qf7+ 23. Kg3 Qg6+ 24. Kh4 Qe4+ {White resigns} 0-1

[Event "Team 45 45 League T51"]
[Site "Internet Chess Club"]
[Date "2011.11.20"]
[Round "2"]
[White "SlimeDog2"]
[Black "chess9793"]
[Result "1/2-1/2"]
[WhiteElo "2054"]
[BlackElo "2147"]
[Opening "King's Indian, 3.Nf3"]
[ECO "E60"]
[Time "23:01:14"]
[TimeControl "2700+45"]

1. d4 Nf6 2. c4 g6 3. Nf3 Bg7 4. g3 c6 5. Bg2 d5 6. Qb3 O-O 7. Nc3 Qb6 8. O-O
Rd8 9. c5 Qxb3 10. axb3 Na6 11. Bf4 Nd7 12. Rfd1 Re8 13. e4 dxe4 14. Nxe4 Nb4
15. Bd2 Nd5 16. Nc3 N7f6 17. Ne5 Be6 18. Nc4 Red8 19. Ne2 Ne8 20. Na5 Rd7 21. h3
Rb8 22. Ra4 Nec7 23. Nf4 h6 24. h4 Nxf4 25. Bxf4 Rc8 26. Bxc7 Rcxc7 27. Rb4 Bf6
{Game drawn by mutual agreement} 1/2-1/2

[Event "Team 45 45 League T51"]
[Site "Internet Chess Club"]
[Date "2011.11.18"]
[Round "2"]
[White "Eyechess"]
[Black "e4master"]
[Result "1-0"]
[WhiteElo "1958"]
[BlackElo "1761"]
[Opening "Sicilian: closed"]
[ECO "B24"]
[Time "21:00:26"]
[TimeControl "2700+45"]

1. e4 c5 2. Nc3 g6 3. g3 Nc6 4. Bg2 Bg7 5. d3 e6 6. Be3 b6 7. Qd2 Nge7 8. Bh6
O-O 9. h4 d5 10. Bxg7 Kxg7 11. h5 Rh8 12. O-O-O d4 13. Nce2 e5 14. f4 Bg4 15.
Bh3 Qd7 16. Bxg4 Qxg4 17. Rf1 f6 18. Nf3 gxh5 19. Rh4 Qg6 20. Rfh1 Qf7 21. b3 a5
22. Rxh5 Ng6 23. f5 Nge7 24. g4 Ng8 25. g5 h6 26. gxh6+ Kf8 27. h7 Nge7 28. Qh6+
Qg7 29. Rg1 Qxh6+ 30. Rxh6 Kf7 31. Nh4 Raf8 32. Ng6 Nxg6 33. fxg6+ Kg7 34. Rh4
Nd8 35. Ng3 Re8 36. Nf5+ Kf8 37. g7+ Kf7 38. Nd6+ Ke7 39. Nxe8 Rxe8 40. g8=Q Nf7
41. Rg7 Rf8 42. Rxf7+ Rxf7 43. h8=Q b5 44. Qd8+ Ke6 45. Qhe8+ Re7 46. Qexe7#
{Black checkmated} 1-0

[Event "Team 45 45 League T51"]
[Site "Internet Chess Club"]
[Date "2011.11.22"]
[Round "2"]
[White "cityprosecutor"]
[Black "katikus"]
[Result "0-1"]
[WhiteElo "1697"]
[BlackElo "1802"]
[Opening "Caro-Kann: closed (Breyer) variation"]
[ECO "B10"]
[Time "18:08:23"]
[TimeControl "2700+45"]

1. e4 c6 2. d3 d5 3. Nd2 e5 4. Ngf3 Bd6 5. Qe2 Nf6 6. exd5 cxd5 7. Nxe5 O-O 8.
Ndf3 Re8 9. d4 Nc6 10. Be3 Nxe5 11. dxe5 Bxe5 12. Nxe5 Rxe5 13. O-O-O Bg4 14. f3
Qe7 15. Bf2 {White resigns} 0-1

[Event "Team 45 45 League T51"]
[Site "Internet Chess Club"]
[Date "2011.11.20"]
[Round "2"]
[White "Grenadier"]
[Black "otherook"]
[Result "0-1"]
[WhiteElo "1713"]
[BlackElo "1804"]
[Opening "Scandinavian (center counter) defense"]
[ECO "B01"]
[Time "17:00:41"]
[TimeControl "2700+45"]

1. e4 d5 2. exd5 Qxd5 3. Nc3 Qa5 4. d4 c6 5. Bc4 Nf6 6. Bd2 Qc7 7. Nf3 Bf5 8.
Nh4 Bg4 9. f3 Bh5 10. g4 Bg6 11. Nxg6 hxg6 12. Qe2 e6 13. O-O-O Nbd7 14. g5 Nh5
15. Bxe6 fxe6 16. Qxe6+ Kd8 17. d5 Qd6 18. Qxd6 Bxd6 19. Be3 Kc7 20. Rd2 Rae8
21. Re2 Ng3 22. hxg3 Rxh1+ 23. Kd2 Reh8 24. f4 R1h2 25. Bf2 Bc5 26. Ne4 Bxf2 27.
d6+ Kd8 28. Nxf2 Re8 {White resigns} 0-1

[Event "Team 45 45 League T51"]
[Site "Internet Chess Club"]
[Date "2011.11.23"]
[Round "2"]
[White "Razorbackchess"]
[Black "zepled37"]
[Result "1/2-1/2"]
[WhiteElo "1724"]
[BlackElo "1656"]
[Opening "QGD: Tarrasch, Prague variation, 9.Bg5"]
[ECO "D34"]
[Time "20:07:01"]
[TimeControl "2700+45"]

1. d4 d5 2. c4 e6 3. Nc3 c5 4. cxd5 exd5 5. Nf3 Nc6 6. g3 Nf6 7. Bg2 Be7 8. O-O
O-O 9. Bg5 cxd4 10. Nxd4 h6 11. Bf4 Bg4 12. h3 Be6 13. e4 Nxd4 14. Qxd4 dxe4 15.
Qxd8 Rfxd8 16. Nxe4 Nxe4 17. Bxe4 g5 18. Bc7 Bxh3 19. Bxd8 Bxd8 20. Bg2 Be6 21.
b3 Rb8 22. Rad1 b6 23. Rfe1 Bf6 24. Rd6 Rc8 25. Bd5 Bxd5 26. Rxd5 Rc2 27. a4 Rc3
28. Re3 {Game drawn by mutual agreement} 1/2-1/2

[Event "Team 45 45 League T51"]
[Site "Internet Chess Club"]
[Date "2011.11.19"]
[Round "2"]
[White "bmw2002"]
[Black "Invicta-Knight"]
[Result "1-0"]
[WhiteElo "1570"]
[BlackElo "1443"]
[Opening "English: symmetrical variation"]
[ECO "A30"]
[Time "07:05:01"]
[TimeControl "2700+45"]

1. c4 c5 2. g3 b6 3. Bg2 Nc6 4. Nc3 Bb7 5. Nf3 Nf6 6. O-O e6 7. d3 Be7 8. Bf4
Nh5 9. Qd2 Nxf4 10. Qxf4 f6 11. e4 e5 12. Qd2 Qc7 13. Nd5 Qd6 14. Nh4 Nd4 15.
Nf5 Nxf5 16. exf5 O-O-O 17. b4 g6 18. bxc5 Qb8 19. Nxe7+ Kc7 20. Nd5+ Bxd5 21.
cxb6+ axb6 22. Bxd5 gxf5 23. a4 h5 24. Rfb1 h4 25. a5 {Black resigns} 1-0

[Event "Team 45 45 League T51"]
[Site "Internet Chess Club"]
[Date "2011.11.20"]
[Round "2"]
[White "Whalen"]
[Black "GoIrish"]
[Result "1-0"]
[WhiteElo "1605"]
[BlackElo "1605"]
[Opening "Alekhine's defense: modern variation, 4...Bg4"]
[ECO "B05"]
[Time "07:00:07"]
[TimeControl "2700+45"]

1. e4 Nf6 2. e5 Nd5 3. d4 d6 4. Nf3 Bg4 5. Be2 Nc6 6. c4 Nb6 7. exd6 cxd6 8. b3
Bxf3 9. Bxf3 d5 10. c5 Nc8 11. Nc3 e6 12. a3 Be7 13. b4 Bf6 14. Be3 a6 15. Ra2
N8e7 16. O-O Nf5 17. Rd2 O-O 18. Na4 a5 19. b5 Na7 20. Be2 Qe8 21. Qb3 Nc8 22.
Rfd1 Nxe3 23. Qxe3 Qe7 24. Nc3 b6 25. Na4 bxc5 26. Nxc5 Nb6 27. a4 Rfc8 28. Rc1
Rc7 29. Rdc2 Rac8 30. Ra1 Bxd4 31. Qxd4 Rxc5 32. Rxc5 Qxc5 33. Qd2 Qc3 34. Qxc3
Rxc3 35. g3 d4 36. Rd1 e5 37. f4 f6 38. Kf2 Nxa4 39. Ra1 Nb6 40. Rxa5 d3 41. Bd1
Nc4 42. Ra8+ Kf7 43. Rc8 e4 44. Rxc4 Rxc4 45. Bb3 f5 46. Bxc4+ Ke7 47. Ke3 Kd6
48. Kd4 h6 49. h3 g5 50. fxg5 hxg5 51. g4 d2 52. Bb3 fxg4 53. hxg4 Kc7 54. Kxe4
Kb6 55. Kf5 Kxb5 56. Kxg5 {Black resigns} 1-0

[Event "Team 45 45 League T51"]
[Site "Internet Chess Club"]
[Date "2011.11.22"]
[Round "2"]
[White "randallsr"]
[Black "SugarIslander"]
[Result "1-0"]
[WhiteElo "1709"]
[BlackElo "1664"]
[Opening "Réti opening"]
[ECO "A04"]
[Time "20:43:11"]
[TimeControl "2700+45"]

1. Nf3 Nc6 2. b3 e5 3. d3 g6 4. Bb2 Bg7 5. c4 d6 6. Nbd2 f5 7. g3 Nf6 8. Bg2 O-O
9. O-O h6 10. Rc1 Be6 11. c5 Qd7 12. cxd6 cxd6 13. Ba3 f4 14. Nc4 Ne8 15. Ne1
Rc8 16. Nc2 b5 17. Nd2 Bh3 18. Nb4 Bxg2 19. Kxg2 Nd4 20. Rxc8 Qxc8 21. f3 Nf5
22. Qc1 Ne3+ 23. Kh1 Qh3 24. Rg1 Rf5 25. g4 Rf8 26. Nf1 Nxf1 27. Qxf1 Qh4 28.
Nd5 Qd8 29. Qe1 Nf6 30. Nxf6+ Rxf6 31. Qb4 Qb8 32. Qe4 g5 33. Rc1 Bf8 34. Bb2
Kg7 35. d4 Re6 36. Rc6 Qe8 37. dxe5 d5 38. Rc7+ Re7 39. Rxe7+ Qxe7 40. e6+ Kg8
41. Qxd5 b4 42. Bd4 a5 43. Bb6 Qd6 44. Qxd6 Bxd6 45. Bxa5 Kf8 46. Bd8 Be7 47.
Bxe7+ Kxe7 48. Kg1 Kxe6 49. Kf2 Kd5 50. e4+ Kd4 51. Ke2 Kc3 52. e5 Kb2 53. Kd3
Kxa2 54. Kc4 h5 55. h3 hxg4 56. hxg4 {Black resigns} 1-0

[Event "Team 45 45 League T51"]
[Site "Internet Chess Club"]
[Date "2011.11.19"]
[Round "2"]
[White "rom1"]
[Black "Sirian"]
[Result "1-0"]
[WhiteElo "1616"]
[BlackElo "1566"]
[Opening "QGD: Ragozin variation"]
[ECO "D38"]
[Time "09:20:40"]
[TimeControl "2700+45"]

1. d4 Nf6 2. c4 d5 3. Nf3 e6 4. Nc3 Bb4 5. Qb3 Bxc3+ 6. bxc3 O-O 7. Bg5 c6 8. e3
h6 9. Bh4 Nbd7 10. Bd3 Qc7 11. Bg3 Qb6 12. Qc2 Qa5 13. O-O Nb6 14. c5 Na4 15.
Rfc1 b6 16. Bd6 Re8 17. Ne5 Bb7 18. c4 bxc5 19. Rab1 Bc8 20. Nxc6 Qa6 21. cxd5
Nxd5 22. Bxa6 Bxa6 23. Qxa4 Be2 24. Rb7 c4 25. Rxa7 Rac8 26. e4 Nb6 27. Qb5 Na8
28. Ne7+ Rxe7 29. Rxe7 {Black resigns} 1-0

[Event "Team 45 45 League T51"]
[Site "Internet Chess Club"]
[Date "2011.11.20"]
[Round "2"]
[White "Signalman"]
[Black "oldsj"]
[Result "1-0"]
[WhiteElo "1548"]
[BlackElo "1475"]
[Opening "Sicilian defense"]
[ECO "B20"]
[Time "10:09:54"]
[TimeControl "2700+45"]

1. e4 c5 2. b3 Nc6 3. Bb2 e6 4. Nc3 Nf6 5. f4 d6 6. Bb5 a6 7. Bxc6+ bxc6 8. Qe2
Be7 9. O-O-O O-O 10. Nf3 a5 11. e5 Nd5 12. g3 Nxc3 13. Bxc3 d5 14. d3 a4 15. g4
axb3 16. axb3 d4 17. Bb2 Ra2 18. Nd2 Ba6 19. Ne4 Qb6 20. f5 Ra8 21. f6 Bf8 22.
fxg7 Bxg7 23. Qd2 Bb7 24. Nf6+ Kh8 25. Nh5 Qa6 26. Qg5 Ra1+ 27. Bxa1 Qxa1+ 28.
Kd2 Qc3+ 29. Ke2 Bh6 30. Qxh6 Qxc2+ 31. Rd2 Rg8 32. Qf6+ Rg7 33. Qxg7# {Black
checkmated} 1-0

[Event "Team 45 45 League T51"]
[Site "Internet Chess Club"]
[Date "2011.11.19"]
[Round "2"]
[White "smsxman"]
[Black "werty"]
[Result "0-1"]
[WhiteElo "1432"]
[BlackElo "1531"]
[Opening "French: exchange variation"]
[ECO "C01"]
[Time "13:01:15"]
[TimeControl "2700+45"]

1. e4 e6 2. d4 d5 3. exd5 exd5 4. Nc3 Bb4 5. Bd2 Nf6 6. Nf3 c6 7. Be2 O-O 8. O-O
Bg4 9. Re1 Nbd7 10. a3 Bd6 11. h3 Bh5 12. Ne5 Bxe2 13. Rxe2 Re8 14. Bf4 Qc7 15.
Qe1 Re7 16. Nxd7 Qxd7 17. Rxe7 Bxe7 18. Be5 Re8 19. Qd2 Qf5 20. Re1 Nd7 21. Re3
Bg5 22. Bf4 Rxe3 23. Bxe3 Bxe3 24. fxe3 Nf6 25. Qf2 Qe6 26. Qg3 g6 27. Nd1 Qf5
28. c3 Qb1 29. Qe1 Qe4 30. Nf2 Qe6 31. Qf1 Qxe3 32. Kh1 Ne4 33. Nxe4 dxe4 34.
Qd1 Qf2 35. Qb3 e3 36. Qxb7 e2 37. Qb8+ Kg7 38. Qe5+ Kh6 {White resigns} 0-1

[Event "Team 45 45 League T51"]
[Site "Internet Chess Club"]
[Date "2011.11.22"]
[Round "2"]
[White "Chess-Dream"]
[Black "chiiwen"]
[Result "1/2-1/2"]
[WhiteElo "2077"]
[BlackElo "2186"]
[Opening "QGD Slav: 4.Nc3"]
[ECO "D15"]
[Time "21:00:08"]
[TimeControl "2700+45"]

1. d4 d5 2. c4 c6 3. Nf3 Nf6 4. Nc3 a6 5. a4 e6 6. Bg5 Nbd7 7. a5 h6 8. Bxf6
Nxf6 9. c5 g6 10. Qc2 Bg7 11. e4 dxe4 12. Nxe4 Nxe4 13. Qxe4 Qd5 14. Qc2 e5 15.
Bc4 Bf5 16. Qe2 Qe4 17. Qxe4 Bxe4 18. Nxe5 Bxe5 19. dxe5 Rd8 20. f3 Bd5 21. Be2
Be6 22. b4 Rd5 23. Kf2 Rxe5 24. Rad1 Ke7 25. Rd4 Bd5 26. f4 Re6 27. Rhd1 Re8 28.
Bf3 Bxf3 29. Kxf3 Kf6 30. Rd6 h5 31. g3 Rxd6 32. Rxd6+ Re6 33. Rd7 Re7 34. Rxe7
Kxe7 35. Ke4 Ke6 36. h3 f5+ 37. Kd4 Kf6 38. h4 {Game drawn by mutual agreement}
1/2-1/2

[Event "Team 45 45 League T51"]
[Site "Internet Chess Club"]
[Date "2011.11.20"]
[Round "2"]
[White "gaibo4ever"]
[Black "Legal"]
[Result "0-1"]
[WhiteElo "2080"]
[BlackElo "2024"]
[Opening "Scandinavian defense"]
[ECO "B01"]
[Time "18:07:28"]
[TimeControl "2700+45"]

1. e4 d5 2. exd5 Nf6 3. d4 Bg4 4. f3 Bf5 5. c4 e6 6. dxe6 Nc6 7. exf7+ Kxf7 8.
Be3 Bb4+ 9. Nc3 Re8 10. Kf2 Rxe3 11. Kxe3 Qe7+ 12. Kf2 Re8 13. Be2 Nxd4 14. g4
Qe3+ 15. Kg2 Bxc3 16. bxc3 Nxe2 17. gxf5 Nf4+ 18. Kf1 Re7 19. Qd4 Nd7 20. h4 Nc5
21. Rh2 Ncd3 22. Qxe3 Rxe3 23. Rd2 Kf6 24. Rb1 b6 25. Rbd1 Kxf5 26. Ne2 Rxf3+
27. Kg1 Kg4 28. Nxf4 Nxf4 29. Rd7 Kh3 30. R1d2 g6 31. Rxh7 Kg3 32. Rg7 Nh3+ 33.
Kh1 Rf1# {White checkmated} 0-1

[Event "Team 45 45 League T51"]
[Site "Internet Chess Club"]
[Date "2011.11.20"]
[Round "2"]
[White "LucaTrapani"]
[Black "NJSKing"]
[Result "0-1"]
[WhiteElo "1832"]
[BlackElo "1901"]
[Opening "Sicilian: Najdorf, Byrne (English) attack"]
[ECO "B90"]
[Time "15:29:09"]
[TimeControl "2700+45"]

1. e4 c5 2. Nf3 d6 3. d4 cxd4 4. Nxd4 Nf6 5. Nc3 a6 6. Be3 e5 7. Nf3 Qc7 8. a4
Nbd7 9. a5 b5 10. axb6 Nxb6 11. Be2 Bb7 12. Qd3 Be7 13. O-O O-O 14. Kh1 Rfd8 15.
Rfd1 d5 16. Bxb6 Qxb6 17. exd5 Nxd5 18. Na4 Qxf2 19. Rf1 Qe3 20. Rae1 e4 21. Qc4
Rac8 22. Qa2 exf3 23. Bxf3 Qg5 24. c4 Nb4 25. Qb3 Rd3 26. Bxb7 Rxb3 27. Bxc8 Nd3
28. Rf5 Qxf5 29. Bxf5 Nxe1 {White resigns} 0-1

[Event "Team 45 45 League T51"]
[Site "Internet Chess Club"]
[Date "2011.11.24"]
[Round "2"]
[White "martineden"]
[Black "losscause"]
[Result "1/2-1/2"]
[WhiteElo "1874"]
[BlackElo "1621"]
[Opening "QGD Slav: 4.Nc3"]
[ECO "D15"]
[Time "10:50:32"]
[TimeControl "2700+45"]

1. d4 d5 2. c4 c6 3. Nf3 Nf6 4. Nc3 a6 5. c5 Nbd7 6. Bf4 g6 7. e3 Bg7 8. Be2 O-O
9. b4 Ne4 10. Qc2 Ndf6 11. a4 Nxc3 12. Qxc3 Nh5 13. Bg5 h6 14. Bh4 Qc7 15. b5
axb5 16. axb5 Rxa1+ 17. Qxa1 cxb5 18. Bxb5 Bd7 19. Bd3 Qxc5 20. dxc5 Bxa1 21.
Bxe7 Ra8 22. O-O Bg7 23. Rb1 Ra1 24. Rxa1 Bxa1 25. Nd4 Kg7 26. Bc2 Bxd4 27. exd4
Nf6 28. f3 Ng8 29. Bd6 h5 30. Kf2 Nh6 31. h3 Nf5 32. g4 hxg4 {Game drawn by
mutual agreement} 1/2-1/2

[Event "Team 45 45 League T51"]
[Site "Internet Chess Club"]
[Date "2011.11.18"]
[Round "2"]
[White "QueensCounselor"]
[Black "Pason"]
[Result "1-0"]
[WhiteElo "2150"]
[BlackElo "2065"]
[Opening "French: classical, Steinitz variation"]
[ECO "C14"]
[Time "15:00:09"]
[TimeControl "2700+45"]

1. e4 e6 2. d4 d5 3. Nc3 Nf6 4. Bg5 Be7 5. e5 Nfd7 6. Bxe7 Qxe7 7. f4 a6 8. Nf3
c5 9. dxc5 Nxc5 10. Qd2 Nc6 11. O-O-O Bd7 12. Bd3 Rc8 13. Kb1 O-O 14. h4 f6 15.
exf6 Qxf6 16. g3 Be8 17. h5 Nxd3 18. Qxd3 Qf5 19. Ng5 Qxd3 20. Rxd3 Bd7 21. h6
g6 22. Re1 Rce8 23. Nce4 Nb4 24. Rd4 Nc6 25. Rd2 b6 26. a3 Re7 27. Nf2 Bc8 28.
Ng4 Rf5 29. Ne5 Nxe5 30. Rxe5 Rxe5 31. fxe5 Re8 32. Rf2 Re7 33. Rf6 Bd7 34. b4
Bc8 35. Kb2 Bd7 36. Kb3 b5 37. Kc3 Bc8 38. Kd4 Bd7 39. Kc5 {Black resigns} 1-0

[Event "Team 45 45 League T51"]
[Site "Internet Chess Club"]
[Date "2011.11.18"]
[Round "2"]
[White "koni"]
[Black "fledermaus"]
[Result "1-0"]
[WhiteElo "1896"]
[BlackElo "1886"]
[Opening "Caro-Kann: advance variation"]
[ECO "B12"]
[Time "00:31:37"]
[TimeControl "2700+45"]

1. e4 c6 2. d4 d5 3. e5 Bf5 4. Nf3 e6 5. Be2 c5 6. Be3 Qb6 7. Nc3 Qxb2 8. Nb5
Na6 9. dxc5 Bxc2 10. Qc1 Qxc1+ 11. Rxc1 Ba4 12. c6 Bb4+ 13. Bd2 bxc6 14. Rxc6
Bxd2+ 15. Kxd2 Nb4 16. Rc7 Nh6 17. Nd6+ Kd8 18. Rhc1 Bd7 19. Nb7+ Ke7 20. a3 Na2
21. R1c2 Rhc8 22. Rxc8 Rxc8 23. Rxa2 Ba4 24. h3 f6 25. exf6+ gxf6 26. Rb2 Rc7
27. Bd3 e5 28. Bxh7 f5 29. Nh4 Kf6 30. Bg6 Rg7 31. Nc5 Bc6 32. Nd3 Re7 33. Rb8
Kg5 34. g3 f4 35. Nxe5 Rxe5 36. Nf3+ Kf6 37. Nxe5 Kxe5 38. Rh8 fxg3 39. fxg3
{Black resigns} 1-0

[Event "Team 45 45 League T51"]
[Site "Internet Chess Club"]
[Date "2011.11.27"]
[Round "2"]
[White "jonesey"]
[Black "poni"]
[Result "0-1"]
[WhiteElo "1922"]
[BlackElo "1895"]
[Opening "Pirc: bayonet (Mariotti) attack"]
[ECO "B07"]
[Time "07:09:57"]
[TimeControl "2700+45"]

1. e4 d6 2. d4 Nf6 3. Nc3 g6 4. Be2 Bg7 5. h4 c5 6. dxc5 Qa5 7. Kf1 Qxc5 8. Be3
Qa5 9. h5 Nxh5 10. Bxh5 Bxc3 11. bxc3 gxh5 12. Rxh5 Qxc3 13. Ne2 Qc4 14. f3 Nc6
15. Kf2 Be6 16. Rb1 b6 17. Rb3 Rc8 18. Rc3 Qa6 19. Qa1 f6 20. Qh1 Qxa2 21. Rxh7
Rxh7 22. Qxh7 Kd7 23. Nf4 Ne5 24. Rxc8 Kxc8 25. Qxe7 Qxc2+ 26. Kg3 Bd7 27. Qxd6
Qc6 28. Qf8+ Kb7 29. Nd5 f5 30. Ne7 Ng6 31. Qg7 Qd6+ 32. e5 Qxe5+ 33. Qxe5 Nxe5
34. Kf4 Nd3+ 35. Kg5 Ne1 36. Nxf5 Bxf5 37. Kxf5 Nxg2 38. Bd2 Nh4+ 39. Kg4 Ng6
40. Kf5 Nf8 41. Bb4 Nd7 42. Ke6 Kc6 43. f4 a5 44. Bc3 Nc5+ 45. Ke7 Ne4 46. Bb2
b5 47. Ke6 b4 48. Ke5 Nd6 49. f5 a4 50. f6 a3 51. Bc1 a2 52. Bb2 Nc4+ 53. Kd4
Nxb2 54. f7 a1=Q 55. f8=Q Qd1+ 56. Ke3 Qe1+ 57. Kd4 Qd2+ 58. Ke4 Qd3+ {White
resigns} 0-1